 Seeded DCSS version 0.27.1-33-g824d729ab1 (webtiles) character file.

Game seed: 420757259524105916 (custom seed)

19 croobank the Slasher (level 2, 0/27 HPs)
             Began as a Minotaur Berserker on Dec 31, 2021.
             Was a Follower of Trog.
             Slain by a goblin (3 damage)
             ... on level 1 of the Dungeon.
             The game lasted 00:01:17 (431 turns).

croobank the Slasher (Minotaur Berserker)            Turns: 431, Time: 00:01:18

Health: 0/27       AC:  2    Str: 21    XL:     2   Next: 55%
Magic:  1/1        EV: 12    Int:  4    God:    Trog [*.....]
Gold:   52         SH:  0    Dex:  9    Spells: 1/1 levels left

rFire    . . .     SeeInvis .   a - +0 falchion
rCold    . . .     Faith    .   (no shield)
rNeg     . . .     Spirit   .   b - +0 animal skin
rPois    .         Reflect  .   (helmet restricted)
rElec    .         Harm     .   (no cloak)
rCorr    .         Rampage  .   (no gloves)
Will     .....                  (no boots)
Stlth    +.........             (no amulet)
HPRegen  0.09/turn              (no ring)
MPRegen  0.07/turn              (no ring)

@: no status effects
A: horns 2, retaliatory headbutt
a: Renounce Religion, Berserk


You were on level 1 of the Dungeon.
You worshipped Trog.
Trog was aware of your devotion.
You visited 1 branch of the dungeon, and saw 1 of its levels.

You collected 52 gold pieces.

Inventory:

Hand Weapons
 a - a +0 falchion (weapon)
Missiles
 i - 19 bolts
Armour
 b - a +0 animal skin (worn)
 e - a +0 chain mail
Scrolls
 d - 2 scrolls of blinking {unknown}
 f - a scroll of magic mapping {unknown}
 g - a scroll of teleportation {unknown}
Potions
 c - a potion of might {unknown}
 h - a potion of lignification {unknown}


   Skills:
 + Level 4.0 Fighting
 + Level 4.2 Long Blades
 + Level 2.6 Armour
 + Level 2.2 Dodging


You had one spell level left.
You didn't know any spells.
Your spell library was empty.

Dungeon Overview and Level Annotations

Branches:
Dungeon (1/15)

Altars:


Innate Abilities, Weirdness & Mutations

You have a pair of horns on your head.
You reflexively headbutt those who attack you in melee.


Message History

a +0 club; a goblin corpse; a ball python corpse You see here 19 bolts.
i - 19 bolts
Things that are here:
a +0 club; a goblin corpse; a ball python corpse
d - 2 scrolls labelled VUIFRO FYOTTO (gained 1)
An endoplasm and a goblin come into view.
The goblin is wielding a +1 dagger of holy wrath.
The goblin shouts!
The endoplasm quivers.
A frilled lizard comes into view.
You hit the endoplasm but do no damage. You headbutt the endoplasm.
The endoplasm is almost dead.
The endoplasm hits you but does no damage.
You hit the endoplasm.
You kill the endoplasm!
Trog accepts your kill.
The goblin hits you with a +1 dagger of holy wrath.
The frilled lizard bites you.
You closely miss the frilled lizard.
Your headbutt misses the frilled lizard.
The goblin hits you with a +1 dagger of holy wrath.
The frilled lizard bites you but does no damage.
You closely miss the frilled lizard.
The goblin hits you with a +1 dagger of holy wrath.
The frilled lizard bites you.
You hit the goblin.
The goblin is moderately wounded.
The goblin hits you with a +1 dagger of holy wrath.
* * * LOW HITPOINT WARNING * * *
The frilled lizard barely misses you.
You riposte.
You hit the frilled lizard. You headbutt the frilled lizard.
You kill the frilled lizard!
Trog accepts your kill.
You closely miss the goblin. Your headbutt misses the goblin.
The goblin is moderately wounded.
The goblin hits you with a +1 dagger of holy wrath.
* * * LOW HITPOINT WARNING * * *
The goblin hits you with a +1 dagger of holy wrath.
You die...

......#..# ####.##
.# #.# ....... #
... ....... #.#
######## #.# # #.#
# #.# # #.# #>#
###########@# ...
.........##g#
>........####.##.#
#.#### #.........#
.# ######....# ..
#...#.# ## #...#.#
# #..##.# #.
#....##


You could see a goblin.

Vanquished Creatures
  2 endoplasms (D:1)
  2 goblins (D:1)
  3 hobgoblins (D:1)
  2 jackals (D:1)
  3 ball pythons (D:1)
  2 bats (D:1)
  A frilled lizard (D:1)
  A kobold (D:1)
  2 rats (D:1)
18 creatures vanquished.

Notes
Turn   | Place    | Note
-------+----------+-------------------------------------------
     0 | D:1      | croobank the Minotaur Berserker began the quest for the
                  | Orb.
     0 | D:1      | Reached XP level 1. HP: 19/19 MP: 0/0
   250 | D:1      | Reached XP level 2. HP: 26/27 MP: 1/1
   431 | D:1      | Slain by a goblin

Illustrated notes

Levels and vault maps discovered:
D:1:      lemuel_arrival_room, layout_loops_ring,
          shapermc_ecumenical_altar_mp_vishouse, minmay_pentomino_t2

Skill      XL: |  1  2 |
---------------+-------+-----
Fighting       | 4 |  4.0
Long Blades    | 4 |  4.2
Armour         | |  2.6
Dodging        | |  2.2

Action                   || total
-------------------------++-------
Melee: Falchion          ||    34
       Headbutt          ||     8
Armor: Animal skin       ||    10
Dodge: Dodged            ||    22
       Rpst.: Falchion   ||     8
